 Dungeon Crawl Stone Soup version 0.25.0-9-g26727b657a (webtiles) character file.

Game seed: 2246468524482675844

51 mopl the Digger (level 3, -3/21 HPs)
             Began as an Octopode Earth Elementalist on June 18, 2020.
             Slain by a bullfrog skeleton (4 damage)
             ... on level 2 of the Dungeon.
             The game lasted 00:01:26 (1307 turns).

mopl the Digger (Octopode Earth Elementalist)       Turns: 1307, Time: 00:01:27

Health: -3/21      AC:  1    Str:  7    XL:     3   Next: 83%
Magic:  6/7        EV: 13    Int: 18    God:
Gold:   89         SH:  0    Dex: 12    Spells: 1/7 levels left

rFire    . . .     SeeInvis .   a - +0 dagger
rCold    . . .     Gourm    .   (no shield)
rNeg     . . .     Faith    .   (helmet restricted)
rPois    .         Spirit   .   (no amulet)
rElec    .         Reflect  .   (no ring)
rCorr    .         Harm     .   (no ring)
MR       .....                  (no ring)
Stlth    +++.......             (no ring)
HPRegen  0.07/turn              (no ring)
MPRegen  0.10/turn              (no ring)
                                (no ring)
                                (no ring)

@: no status effects
A: almost no armour, stealthy swim, amphibious, 8 rings, constrict 8, camouflage
1, gelatinous body 1
a: no special abilities


You were on level 2 of the Dungeon.
You were not hungry.

You visited 1 branch of the dungeon, and saw 2 of its levels.

You collected 89 gold pieces.

Inventory:

Hand Weapons
 a - a +0 dagger (weapon)
Missiles
 b - 59 stones
 e - 25 poisoned darts (quivered)
Scrolls
 j - a scroll of teleportation {unknown}
 l - a scroll of fog {unknown}
 m - a scroll of identify {unknown}
 n - a scroll of remove curse {unknown}
Potions
 d - a potion of ambrosia {unknown}
 f - a potion of lignification {unknown}
 g - a potion of brilliance {unknown}
 h - a potion of flight {unknown}
 i - 2 potions of mutation {unknown}
 k - a potion of degeneration {unknown}
 o - a potion of stabbing {unknown}
Comestibles
 c - 4 rations


   Skills:
 - Level 2.0 Dodging
 - Level 2.6 Stealth
 * Level 2.7 Spellcasting
 * Level 0.9 Conjurations
 + Level 1.5 Transmutations
 * Level 3.6 Earth Magic


You had one spell level left.
You knew the following spells:

 Your Spells              Type           Power        Failure   Level  Hunger
a - Sandblast             Erth           ###...       3%          1    #......
b - Stone Arrow           Conj/Erth      ##....       21%         3    ###....
p - Passwall              Tmut/Erth      ##......     9%          2    ##.....

Your spell library contained the following spells:

 Spells                   Type           Power        Failure   Level  Hunger
 Petrify                  Tmut/Erth      ##......     50%         4    #####..
 Lee's Rapid Deconstruct  Erth           ###.......   71%         5    ######.


Dungeon Overview and Level Annotations

Branches:
Dungeon (2/15)

Altars:
Gozag
Okawaru
Trog
Xom
The Shining One


Innate Abilities, Weirdness & Mutations

You cannot wear most types of armour.
You are very stealthy in the water. (Stealth+)
You are amphibious.
You can wear up to eight rings at the same time.
You can use your tentacles to constrict eight enemies at once.
Your skin changes colour to match your surroundings (Stealth+).
Your rubbery body absorbs attacks. (AC +1, EV +1)


Message History

You are too injured to fight recklessly!
You hit the bullfrog skeleton. Your grab misses the bullfrog skeleton.
You squeeze the bullfrog skeleton.
The bullfrog skeleton is moderately damaged.
The bullfrog skeleton misses you.
You barely miss the bullfrog skeleton. Your grab misses the bullfrog skeleton.
The bullfrog skeleton is moderately damaged.
The bullfrog skeleton hits you.
Casting: Sandblast (safe; 3% risk of failure)
Confirm with . or Enter, or press ? or * to list all spells.
Aiming: Sandblast (safe; 3% risk of failure)
Press: ? - help, Shift-Dir - straight line, f - bullfrog skeleton
Aim: a bullfrog skeleton (moderately damaged)
The blast of sand hits the bullfrog skeleton!
The bullfrog skeleton is almost destroyed.
b - 59 stones The bullfrog skeleton hits you.
* * * LOW HITPOINT WARNING * * *
The bullfrog skeleton hits you.
You die...

#...######............
####...#####.#######...
.........###.#..#.....#
#####..........#.#)..# .##
#..........###...### ..#
##'##..............# #.# ...
#8.8#............... #........
#...#.###..........# #.# .....
#..@### #..........# #.# ....#
#..Z# #..........##
###.##....#8...... ##.#.......#.
#.......#.#._.._.._ #.#.......#.
.......#..#8.......8 #...........
#...####.##.........# ........#.
#.#....#<##.........####..#....#.
.........##8_.._.._8#.....#....##
.........## #...........#


You could see a bullfrog skeleton.

Vanquished Creatures
  2 adders (D:2)
  2 dart slugs (D:1)
  3 bats (D:1)
  4 giant cockroaches
  5 goblins
  A hobgoblin (D:1)
  2 jackals (D:2)
  7 kobolds
  A frilled lizard (D:1)
  3 rats
30 creatures vanquished.

Notes
Turn   | Place    | Note
-------+----------+-------------------------------------------
     0 | D:1      | mopl the Octopode Earth Elementalist began the quest for
                  | the Orb.
     0 | D:1      | Reached XP level 1. HP: 11/11 MP: 3/3
   183 | D:1      | Reached XP level 2. HP: 8/17 MP: 5/5
   194 | D:1      | Learned a level 2 spell: Passwall
   812 | D:1      | Reached XP level 3. HP: 18/21 MP: 6/6
   945 | D:1      | Learned a level 3 spell: Stone Arrow
   973 | D:2      | Found an iron altar of Okawaru.
  1216 | D:2      | Found an opulent altar of Gozag.
  1299 | D:2      | Found an iron altar of Okawaru.
  1301 | D:2      | Found a bloodstained altar of Trog.
  1301 | D:2      | Found a shimmering altar of Xom.
  1303 | D:2      | Found a shimmering altar of Xom.
  1303 | D:2      | Found a glowing golden altar of the Shining One.
  1303 | D:2      | Found a shimmering altar of Xom.
  1307 | D:2      | HP: 1/21 [bullfrog skeleton (6)]
  1307 | D:2      | Slain by a bullfrog skeleton

Illustrated notes

Levels and vault maps discovered:
D:1:      zelgadis_glass_arrival_small, layout_rooms
D:2:      layout_rooms, okawaru_gym_becter, doesnt_xom_only_xom,
          old_standard_altar, grunt_gozag_statues, first_ration

Action                   || total
-------------------------++-------
Melee: Unarmed           ||    17
       Constrict         ||    20
       Tentacles         ||    14
       Dagger            ||    49
 Cast: Sandblast         ||     4
 Stab: Sleeping          ||     7
  Eat: Chunk             ||     1
Armor: Skin              ||     6
Dodge: Dodged            ||    32
